 Dungeon Crawl Stone Soup version 0.24.0-1-gfbc8707 (webtiles) character file.

Game seed: 9374491944017932225, levelgen mode: deterministic

60 Illumine the Insei (level 4, 0/34 HPs)
             Began as a Gnoll Transmuter on Nov 19, 2019.
             Slain by a rat (1 damage)
             ... on level 2 of the Dungeon.
             The game lasted 00:01:44 (649 turns).

Illumine the Insei (Gnoll Transmuter)                Turns: 649, Time: 00:01:44

Health: 0/34       AC:  2    Str: 12    XL:     4   Next: 4%
Magic:  10/11      EV: 15    Int: 16    God:
Gold:   37         SH:  0    Dex: 16    Spells: 7/13 levels left

rFire    . . .     SeeInvis .     - Unarmed
rCold    . . .     Gourm    +   (no shield)
rNeg     . . .     Faith    .   b - +0 robe
rPois    .         Spirit   .   (no helmet)
rElec    .         Reflect  .   (no cloak)
rCorr    .         Harm     .   (no gloves)
MR       .....     Rnd*Tele +   (no boots)
Stlth    ++........             h - amulet of the gourmand
HPRegen  0.11/turn              g - ring of teleportation (curse)
MPRegen  0.12/turn              (no ring)

@: lethally poisoned (0 -> -3)
A: distributed training, fangs 1, strong nose
a: no special abilities


You were on level 2 of the Dungeon.
You were not hungry.

You visited 1 branch of the dungeon, and saw 2 of its levels.

You collected 37 gold pieces.

Inventory:

Missiles
 a - 12 arrows
Armour
 b - a +0 robe (worn)
Jewellery
 g - a cursed ring of teleportation (left hand)
 h - an amulet of the gourmand (around neck)
Potions
 c - 2 potions of agility
 f - a potion of flight {unknown}
Comestibles
 d - 3 rations


   Skills:
 + Level 2.7 Fighting
 + Level 1.0 Short Blades
 + Level 1.0 Long Blades
 + Level 1.0 Axes
 + Level 1.0 Maces & Flails
 + Level 1.0 Polearms
 + Level 1.0 Staves
 + Level 1.0 Slings
 + Level 1.0 Bows
 + Level 1.0 Crossbows
 + Level 1.0 Throwing
 + Level 1.0 Armour
 + Level 4.6 Dodging
 + Level 1.0 Stealth
 + Level 1.0 Shields
 + Level 6.5 Unarmed Combat
 + Level 5.0 Spellcasting
 + Level 0.7 Conjurations
 + Level 0.7 Hexes
 + Level 0.7 Charms
 + Level 0.7 Summonings
 + Level 0.7 Necromancy
 + Level 0.7 Translocations
 + Level 3.8 Transmutations
 + Level 0.7 Fire Magic
 + Level 0.7 Ice Magic
 + Level 0.7 Air Magic
 + Level 0.7 Earth Magic
 + Level 0.7 Poison Magic
 + Level 1.1 Invocations
 + Level 1.0 Evocations


You had 7 spell levels left.
You knew the following spells:

 Your Spells              Type           Power        Failure   Level  Hunger
a - Beastly Appendage     Tmut           ###...       3%          1    None
b - Sticks to Snakes      Tmut           ###.....     4%          2    #......
c - Spider Form           Tmut/Pois      ##........   19%         3    ###....

Your spell library contained the following spells:

 Spells                   Type           Power        Failure   Level  Hunger
 Ice Form                 Ice/Tmut       ##......     52%         4    ####...
 Blade Hands              Tmut           ###.......   65%         5    ######.


Dungeon Overview and Level Annotations

Branches:
Dungeon (2/15)

Altars:


Innate Abilities, Weirdness & Mutations

Your experience applies equally to all skills.
You have very sharp teeth.
Your uncanny sense of smell can sniff out nearby items.


Message History

Your transformation has ended.
Your +0 robe unmelds from your body.
The hobgoblin closely misses you. The adder bites you but does no damage.
The adder barely misses you. The rat closely misses you.
You feel sick.
The rat twitches its whiskers.
The adder misses you. The adder barely misses you. The adder bites you.
* * * LOW HITPOINT WARNING * * *
You are lethally poisoned!
The adder poisons you!
Found 2 potions of agility.
There is an escape hatch in the ceiling here.
* * * LOW HITPOINT WARNING * * *
You feel sick. The rat barely misses you. The hobgoblin barely misses you.
The adder misses you.
The frilled lizard hisses.
The rat bites you.
You die...

#.....#.#### .
#####.#####....# .# ..
........K......#+##.#...
..........#.........#...
..........#.............
.(....l...#).ll.........
........$.#...K.........
..........#....Sr.......
..........#....g@.......
..........#....r....###!
###########


You could see an adder, a hobgoblin, a kobold, 2 frilled lizards and 2 rats.

Vanquished Creatures
  2 adders (D:2)
  An ooze (D:1)
  A dart slug (D:1)
  3 leopard geckos
  2 bats (D:1)
  A giant cockroach (D:1)
  4 hobgoblins (D:1)
  5 jackals
  3 kobolds (D:1)
  A frilled lizard (D:2)
  3 goblins (D:1)
  3 rats (D:1)
29 creatures vanquished.

Notes
Turn   | Place    | Note
-------+----------+-------------------------------------------
     0 | D:1      | Illumine the Gnoll Transmuter began the quest for the Orb.
     0 | D:1      | Reached XP level 1. HP: 17/17 MP: 6/6
   120 | D:1      | Reached XP level 2. HP: 20/23 MP: 5/7
   302 | D:1      | Reached XP level 3. HP: 21/28 MP: 9/9
   306 | D:1      | Learned a level 2 spell: Sticks to Snakes
   310 | D:1      | Learned a level 3 spell: Spider Form
   466 | D:1      | Reached skill level 5 in Spellcasting
   619 | D:2      | Reached skill level 1 in Invocations
   630 | D:2      | Reached skill level 1 in Short Blades
   630 | D:2      | Reached skill level 1 in Long Blades
   630 | D:2      | Reached skill level 1 in Axes
   630 | D:2      | Reached skill level 1 in Maces & Flails
   630 | D:2      | Reached skill level 1 in Polearms
   630 | D:2      | Reached skill level 1 in Staves
   630 | D:2      | Reached skill level 1 in Slings
   630 | D:2      | Reached skill level 1 in Bows
   630 | D:2      | Reached skill level 1 in Crossbows
   630 | D:2      | Reached skill level 1 in Throwing
   630 | D:2      | Reached skill level 1 in Armour
   630 | D:2      | Reached skill level 1 in Stealth
   630 | D:2      | Reached skill level 1 in Shields
   630 | D:2      | Reached skill level 1 in Evocations
   630 | D:2      | Reached XP level 4. HP: 6/34 MP: 8/11
   649 | D:2      | HP: 1/34 [poisoned by an adder]
   649 | D:2      | Slain by a rat

Levels and vault maps discovered:
D:1:      minmay_arrival_arboretum_small, layout_loops_cross,
          minmay_tetromino_t4
D:2:      minmay_alternating_diamond, layout_basic,
          chequers_ecumenical_altar_simple_redux, st_stairs_13

Skill      XL: |  1  2  3 |
---------------+----------+-----
Spellcasting   | 5 |  5.0
Invocations    | 1 |  1.1
Short Blades   | 1 |  1.0
Long Blades    | 1 |  1.0
Axes           | 1 |  1.0
Maces & Flails | 1 |  1.0
Polearms       | 1 |  1.0
Staves         | 1 |  1.0
Slings         | 1 |  1.0
Bows           | 1 |  1.0
Crossbows      | 1 |  1.0
Throwing       | 1 |  1.0
Armour         | 1 |  1.0
Stealth        | 1 |  1.0
Shields        | 1 |  1.0
Evocations     | 1 |  1.0
Fighting       | |  2.7
Dodging        | |  4.6
Unarmed Combat | |  6.5
Conjurations   | |  0.7
Hexes          | |  0.7
Charms         | |  0.7
Summonings     | |  0.7
Necromancy     | |  0.7
Translocations | |  0.7
Transmutations | |  3.8
Fire Magic     | |  0.7
Ice Magic      | |  0.7
Air Magic      | |  0.7
Earth Magic    | |  0.7
Poison Magic   | |  0.7

Action                   |  1- 3 |  4- 6 || total
-------------------------+-------+-------++-------
Melee: Unarmed           |    72 |     2 ||    74
       Bite              |     5 |       ||     5
       Headbutt          |     4 |       ||     4
       Punch             |     3 |       ||     3
 Cast: Beastly Appendage |     3 |       ||     3
       Spider Form       |     1 |       ||     1
  Use: Scroll            |     2 |       ||     2
 Stab: Sleeping          |     5 |       ||     5
Armor: Robe              |     4 |     1 ||     5
Dodge: Dodged            |    50 |    10 ||    60
